 Dungeon Crawl Stone Soup version 0.24-a0-7-g1bb0902 (webtiles) character file.

Game seed: 16999783680303171983

72 Lavandula the Vandal (level 4, -4/27 HPs)
             Began as a Halfling Arcane Marksman on Jan 30, 2019.
             Slain by Grinder (5 damage)
             ... on level 3 of the Dungeon.
             The game lasted 00:05:43 (1065 turns).

Lavandula the Vandal (Halfling Arcane Marksman)     Turns: 1065, Time: 00:05:44

Health: -4/27      AC:  2    Str: 12    XL:     4   Next: 48%
Magic:  5/5        EV: 15    Int: 11    God:
Gold:   90         SH:  0    Dex: 14    Spells: 4/5 levels left

rFire    . . .     SeeInvis .   a - +0 hunting sling
rCold    . . .     Gourm    .   (shield restricted)
rNeg     . . .     Faith    .   e - +0 robe
rPois    .         Spirit   .   (no helmet)
rElec    .         Reflect  .   (no cloak)
rCorr    .         Harm     .   (no gloves)
MR       .....                  (no boots)
Stlth    +.........             (no amulet)
HPRegen  0.09/turn              (no ring)
MPRegen  0.09/turn              (no ring)

@: no status effects
A: small, mutation resistance 1
a: no special abilities


You were on level 3 of the Dungeon.
You were not hungry.

You visited 1 branch of the dungeon, and saw 3 of its levels.

You collected 90 gold pieces.

Inventory:

Hand Weapons
 a - a +0 hunting sling (weapon)
Missiles
 c - 2 curare-tipped needles
 d - 21 sling bullets (quivered)
 j - 53 stones
Armour
 e - a +0 robe (worn)
Scrolls
 h - a scroll of teleportation {unknown}
 i - a scroll of fog {unknown}
 k - a scroll of enchant weapon {unknown}
 l - 2 scrolls of remove curse
Potions
 n - 2 potions of degeneration
Comestibles
 f - 4 rations


   Skills:
 - Level 0.8 Fighting
 + Level 6.4 Slings
 - Level 2.1 Dodging
 - Level 1.0 Spellcasting
 - Level 2.4 Hexes


You had 4 spell levels left.
You knew the following spells:

 Your Spells              Type           Power        Failure   Level  Hunger
a - Corona                Hex            #......      12%         1    ##.....

Your spell library contained the following spells:

 Spells                   Type           Power        Failure   Level  Hunger
 Slow                     Hex            #.......     19%         2    ###....
 Inner Flame              Hex/Fire       #.......     52%         3    ####...
 Portal Projectile        Hex/Tloc       #.....       52%         3    ####...
 Cause Fear               Hex            #.........   77%         4    #####..
 Leda's Liquefaction      Hex/Erth       #.........   89%         4    #####..


Dungeon Overview and Level Annotations

Branches:
Dungeon (3/15)

Altars:
Uskayaw

Annotations:
D:3 Grinder


Innate Abilities, Weirdness & Mutations

You are small and have problems with some larger weapons.
You are somewhat resistant to further mutation.


Message History

Aim: Grinder (heavily wounded)
You shoot a sling bullet. The sling bullet barely misses Grinder.
Grinder hits you.
* * * LOW HITPOINT WARNING * * *
You writhe in agony.
* * * LOW HITPOINT WARNING * * *
Firing (i - inventory. (/) - cycle)
d - 23 sling bullets (quivered)
Press: ? - help, Shift-Dir - straight line, f/p - Grinder
Aim: Grinder (heavily wounded)
You shoot a sling bullet. The sling bullet hits Grinder.
Grinder is heavily wounded.
Grinder closely misses you.
Firing (i - inventory. (/) - cycle)
d - 22 sling bullets (quivered)
Press: ? - help, Shift-Dir - straight line, f/p - Grinder
Aim: Grinder (heavily wounded)
You shoot a sling bullet.
The sling bullet hits Grinder but does no damage.
Grinder is heavily wounded.
Grinder hits you.
You die...

#.#.........#
#(#.........######
#.'.........+..... ♣
#.#.........###### ♣.
#.#.........# ♣♣5.
#.#.........#
...###.#.........######
...#5#...............
#.#@#######)#+######
##.(.# #............
......(..####.........#.#
#######...............#<.
..............#+#..#..
####.........#.#..'..
#.........#.##.#..
#.........#.......
##..#####.#.##....


You could see Grinder.

Vanquished Creatures
  3 adders
  A worm (D:2)
  2 dart slugs (D:2)
  2 leopard geckos (D:3)
  An orc (D:3)
  3 giant cockroaches (D:2)
  2 goblins
  3 hobgoblins
  2 jackals (D:3)
  2 quokkas (D:2)
  3 frilled lizards (D:2)
  9 kobolds
  A leopard gecko skeleton (D:2)
  A rat (D:2)
35 creatures vanquished.

Notes
Turn   | Place    | Note
-------+----------+-------------------------------------------
     0 | D:1      | Lavandula the Halfling Arcane Marksman began the quest for
                  | the Orb.
     0 | D:1      | Reached XP level 1. HP: 12/12 MP: 2/2
   114 | D:2      | Reached skill level 4 in Slings
   114 | D:2      | Reached XP level 2. HP: 18/18 MP: 3/3
   135 | D:2      | Reached XP level 3. HP: 22/22 MP: 4/4
   220 | D:2      | Reached skill level 5 in Slings
   733 | D:3      | Reached XP level 4. HP: 26/27 MP: 2/5
   740 | D:3      | Noticed an ice beast
   768 | D:3      | Reached skill level 6 in Slings
   769 | D:3      | Found a hide-covered altar of Uskayaw.
  1047 | D:3      | Noticed Grinder
  1063 | D:3      | HP: 1/27 [Grinder (3)]
  1065 | D:3      | Slain by Grinder

Vault maps used:
D:1:      dpeg_arrival_subterranean_lakeside_camping, minmay_tromino_v2
D:3:      nicolae_overflow_hidden_temple, fedhas_altar_4, uniq_grinder

Skill      XL: |  1  2  3  4 |
---------------+-------------+-----
Slings         | 4 5 6 |  6.4
Fighting       | |  0.8
Dodging        | |  2.1
Spellcasting   | |  1.0
Hexes          | |  2.4

Action                   |  1- 3 |  4- 6 || total
-------------------------+-------+-------++-------
 Fire: Hunting sling     |    84 |    45 ||   129
Throw: Throwing net      |       |     1 ||     1
 Cast: Corona            |     3 |       ||     3
  Use: Scroll            |       |     3 ||     3
       Potion            |       |     3 ||     3
Armor: Robe              |     3 |     2 ||     5
Dodge: Dodged            |    26 |    24 ||    50

Table legend:
 A = Non-vault XP
 B = Vault XP
 C = Vault XP percentage of total XP
 D = Non-vault monster count
 E = Vault monster count
 F = Vault count percentage of total count
                 A         B        C        D         E       F
            +---------+---------+-------+---------+---------+-------
      Total |     103 |       0 |   0.0 |      35 |       0 |   0.0
            +---------+---------+-------+---------+---------+-------
        D:1 |       2 |       0 |   0.0 |       1 |       0 |   0.0
        D:2 |      69 |       0 |   0.0 |      24 |       0 |   0.0
        D:3 |      32 |       0 |   0.0 |      10 |       0 |   0.0
            +---------+---------+-------+---------+---------+-------
